 Dungeon Crawl Stone Soup version 0.28-a0-247-gb8bfbab023 (webtiles) character file.

Game seed: 4564123227168369764

222 bande the Covered (level 5, -1/33 HPs)
             Began as a Gargoyle Fighter on Aug 25, 2021.
             Slain by a goblin (3 damage)
             ... led by Robin
             ... on level 2 of the Dungeon.
             The game lasted 00:03:47 (2257 turns).

bande the Covered (Gargoyle Fighter)                Turns: 2257, Time: 00:03:48

Health: -1/33      AC: 11    Str: 19    XL:     5   Next: 99%
Magic:  5/5        EV:  7    Int:  9    God:
Gold:   71         SH:  8    Dex: 10    Spells: 3/4 levels left

rFire   . . .      SeeInvis .   a - +0 war axe
rCold   . . .      Faith    .   c - +0 kite shield
rNeg    + . .      Spirit   .   b - +0 scale mail
rPois   ∞          Reflect  .   (no helmet)
rElec   +          Harm     .   (no cloak)
rCorr   .          Rampage  .   (no gloves)
Will    .....                   (no boots)
Stlth   ..........              (no amulet)
HPRegen 0.11/turn               (no ring)
MPRegen 0.09/turn               (no ring)

@: no status effects
A: sickness immunity, AC +4, negative energy resistance 1, electricity
resistance, torment resistance 1, petrification resistance
a: no special abilities


You were on level 2 of the Dungeon.
You visited 1 branch of the dungeon, and saw 3 of its levels.

You collected 71 gold pieces.

Inventory:

Hand Weapons
 a - a +0 war axe (weapon)
Armour
 b - a +0 scale mail (worn)
 c - a +0 kite shield (worn)
Scrolls
 e - 2 scrolls of identify
Potions
 d - 2 potions of curing {unknown}
 f - a potion of mutation {unknown}
 g - a potion of invisibility {unknown}


   Skills:
 + Level 4.1 Fighting
 + Level 3.6 Axes
 + Level 4.2 Armour
 + Level 3.8 Shields
 * Level 1.8 Translocations


You had 3 spell levels left.
You knew the following spells:

 Your Spells              Type           Power      Damage    Failure   Level
a - Apportation           Tloc           6%         N/A       94%         1

Your spell library contained the following spells:

 Spells                   Type           Power      Damage    Failure   Level
 Slow                     Hex            0%         N/A       100%        2
 Inner Flame              Hex/Fire       0%         N/A       100%        3
 Iskenderun's Mystic Bla  Conj/Tloc      1%         2d3       100%        4


Dungeon Overview and Level Annotations

Branches:
Dungeon (3/15)

Altars:

Annotations:
D:3 Robin


Innate Abilities, Weirdness & Mutations

You are immune to sickness and miasma.
Your stone body is resilient. (AC +4)
You are immune to poison.
You resist negative energy. (rN+)
You are resistant to electric shocks. (rElec)
You are resistant to unholy torment.
You are immune to petrification.


Message History

The goblin hits you but does no damage. The hobgoblin barely misses you.
The goblin hits you with a +0 dagger.
You climb upwards.
There is a stone staircase leading down here.
Unknown command.
You can't go up here!
You can't go up here!
Unknown command.
You closely miss the hobgoblin. You closely miss the goblin.
You hit the hobgoblin but do no damage. You barely miss the hobgoblin.
You slash the goblin!
You kill the goblin!
You hit the goblin. You hit the hobgoblin but do no damage.
The goblin hits you with a +2 dagger of venom.
The hobgoblin hits you but does no damage.
You block the hobgoblin's attack. The goblin hits you with a +0 dagger.
The hobgoblin barely misses you. The hobgoblin hits you.
The goblin hits you with a +2 dagger of venom.
The hobgoblin barely misses you. The hobgoblin hits you.
* * * LOW HITPOINT WARNING * * *
The goblin closely misses you. The hobgoblin hits you.
* * * LOW HITPOINT WARNING * * *
You hit the hobgoblin.
You kill the hobgoblin!
You closely miss the hobgoblin. You closely miss the goblin.
You hit the hobgoblin but do no damage. You barely miss the hobgoblin.
You barely miss the goblin.
The hobgoblin hits you but does no damage.
You block the goblin's attack. You block the hobgoblin's attack.
The hobgoblin completely misses you. The goblin hits you but does no damage.
The hobgoblin hits you.
* * * LOW HITPOINT WARNING * * *
Unknown command.
You block the goblin's attack. The hobgoblin barely misses you.
You block the hobgoblin's attack.
Things that are here:
a +0 club; a goblin corpse The goblin hits you but does no damage.
The goblin hits you with a +2 dagger of venom.
You die...

#...............#...##...
#...............#........
#...........###...###....
#.........)†.....####...#
##.......g>.##...........
##......#g.#...#####....
####.g##g.#.#..###..###
#....gg....#..##.##
#...@..##..##.#..#
#..8...##.......##
#.....##..##...##
####.....##.###...######
#....#......#......#...#
#....#.#................
#....###.####........>..
#....###................
#.......................


You could see 3 hobgoblins and 2 goblins.

Vanquished Creatures
  Sigmund (D:2)
  An adder (D:2)
  An adder zombie (D:2)
  An adder skeleton (D:2)
  4 ball pythons
  2 bat zombies (D:2)
  2 endoplasms (D:1)
  4 giant cockroaches
  4 goblins
  5 hobgoblins
  A quokka (D:2)
  A ball python skeleton (D:2)
  3 bats (D:2)
  3 frilled lizards
  A jackal zombie (D:2)
  5 kobolds
  4 rats
43 creatures vanquished.

Vanquished Creatures (others)
  A plant (D:2)
  2 withered plants (D:2)
3 creatures vanquished.

Grand Total: 46 creatures vanquished

Notes
Turn   | Place    | Note
-------+----------+-------------------------------------------
     0 | D:1      | bande the Gargoyle Fighter began the quest for the Orb.
     0 | D:1      | Reached XP level 1. HP: 14/14 MP: 1/1
    36 | D:1      | Found a faded altar of an unknown god.
    40 | D:1      | Got Plato's Reference Book on the Voyage
   279 | D:1      | Reached XP level 2. HP: 19/19 MP: 2/2
   281 | D:1      | Learned a level 1 spell: Apportation
   552 | D:1      | Got the Disquisition on Enthralling Translocation
  1260 | D:1      | Reached XP level 3. HP: 24/24 MP: 3/3
  1953 | D:2      | Noticed Sigmund
  1962 | D:2      | Killed Sigmund
  1963 | D:2      | Reached skill level 1 in Translocations
  1963 | D:2      | Reached XP level 4. HP: 15/29 MP: 4/4
  1963 | D:2      | Reached XP level 5. HP: 17/33 MP: 5/5
  2161 | D:3      | Noticed Robin
  2253 | D:2      | HP: 1/33 [hobgoblin[Robin] (3)]
  2257 | D:2      | Slain by a goblin

Illustrated notes

Levels and vault maps discovered:
D:1:      dpeg_arrival_lava_temple_mockup, layout_basic,
          shapermc_ecumenical_altar_rom_forum
D:2:      cheibrodos_old_hovel, layout_rooms, serial_undead, serial_undead_d,
          serial_undead_d, serial_undead_d, serial_undead_e,
          corexii_item_surrounded_by_moat, uniq_sigmund
D:3:      layout_loops_cross, uniq_robin

Skill      XL: |  1  2  3 |
---------------+----------+-----
Axes           | 2 3 |  3.6
Fighting       | 4 |  4.1
Armour         | 4 |  4.2
Translocations | 1 |  1.8
Shields        | |  3.8

Action                   |  1- 3 |  4- 6 || total
-------------------------+-------+-------++-------
Melee: War axe           |   121 |    15 ||   136
  Use: Scroll            |     1 |       ||     1
       Potion            |     1 |       ||     1
Armor: Scale mail        |    86 |    12 ||    98
Dodge: Dodged            |    50 |    11 ||    61
Block: Kite shield       |    66 |    17 ||    83

Table legend: (Time is in decaauts)
 A = Elapsed time spent in this place.
 B = Non-inter-level travel time spent in this place.
 C = Inter-level travel time spent in this place.
 D = Time resting spent in this place.
 E = Time spent auto-exploring this place.
 F = Levels seen in this place.
 G = Mean time per level.
                   A        B        C        D        E       F      G
               +--------+--------+--------+--------+--------+-----+--------+
         Total |   2343 |   2301 |     42 |    378 |   1463 |   3 |  781.0 |
       Dungeon |   2343 |   2301 |     42 |    378 |   1463 |   3 |  781.0 |
               +--------+--------+--------+--------+--------+-----+--------+

Top non-repeatable levels by time:
     D:1: 1520 daAuts
     D:2: 817 daAuts
     D:3: 5 daAuts
